[Event "Titled Tuesday Blitz October 31 Early 2023"]
[White "Leve, Nitai"]
[Black "knightinshiningarmour16"]
[WhiteFideId "2006898"]
[WhiteElo "2424"]
[BlackElo "2179"]
[Result "1-0"]
[Round "4"]
[TimeControl "180+1"]
[Date "2023.10.31"]
[WhiteClock "0:00:13"]
[BlackClock "0:00:41"]
[Board "153"]

1. e4 c6 2. d4 d5 3. exd5 cxd5 4. c4 Nf6 5. Nc3 Be6 6. Qb3 dxc4 7. Qxb7 Nbd7 8. Bf4 Nb6 9. g3 Nfd5 10. Bg2 Nxc3 11. bxc3 Bd5 12. Bxd5 Qxd5 13. Qxd5 Nxd5 14. Ne2 e6 15. Rb1 Ba3 16. O-O O-O 17. Rb7 h6 18. h4 Nxf4 19. Nxf4 Rfb8 20. Rfb1 Rxb7 21. Rxb7 Rc8 22. Rxa7 Bb2 23. Ne2 f6 24. Rb7 Ba3 25. Ra7 Bb2 26. a4 e5 27. dxe5 fxe5 28. Rb7 Ba3 29. a5 Ra8 30. Rb5 Bd6 31. Kg2 Bc7 32. Rc5 Bxa5 33. Rxc4 Kf7 34. Kf3 Ke6 35. Ke4 Ra6 36. f4 exf4 37. Nxf4+ Kf7 38. Nd5 Re6+ 39. Kd3 Bd8 40. Re4 Rd6 41. Rd4 g5 42. hxg5 Bxg5 43. c4 Bc1 44. c5 Rd8 45. c6 Bb2 46. Rf4+ Kg6 47. c7 Rxd5+ 48. Kc4 Rd1 49. Kb3 Rc1 50. Rc4 Rxc4 51. Kxc4 Be5 52. c8=Q Bxg3 53. Qg4+ Kh7 54. Qxg3 h5 55. Qg5 h4 56. Kd5 h3 57. Ke6 h2 58. Kf7 h1=Q 59. Qg7# 1-0


[Site "https://www.chess.com"]

[Event "Titled Tuesday Blitz October 31 Early 2023"]
[White "Kuznetsova, Olga"]
[Black "Tarnowska, Aleksandra"]
[WhiteFideId "4191323"]
[BlackFideId "1180967"]
[WhiteElo "2418"]
[BlackElo "2156"]
[Result "1-0"]
[Round "4"]
[TimeControl "180+1"]
[Date "2023.10.31"]
[WhiteClock "0:00:09"]
[BlackClock "0:00:01"]
[Board "154"]

1. d4 d5 2. c4 e6 3. Nc3 Nf6 4. Bg5 Be7 5. e3 O-O 6. Rc1 h6 7. Bh4 Nbd7 8. cxd5 exd5 9. Bg3 c6 10. Nf3 Ne4 11. Nxe4 dxe4 12. Nd2 Nf6 13. Qc2 Bf5 14. Bc4 Qa5 15. a3 Rac8 16. Be5 Ng4 17. Bg3 Nf6 18. O-O Bg6 19. Ba2 Rfe8 20. Nc4 Qh5 21. Ne5 Ng4 22. Nxg6 Qxg6 23. h3 Nf6 24. Be5 Nd7 25. Bh2 Kh8 26. b4 Bg5 27. d5 c5 28. Qa4 Ne5 29. Bxe5 Rxe5 30. bxc5 Bh4 31. Bb1 Rce8 32. d6 f5 33. d7 Rd8 34. Rcd1 Re6 35. Qxa7 Qg5 36. Qxb7 Rg6 37. g4 fxg4 38. Qxe4 gxh3+ 39. Kh1 Qh5 40. Qxg6 Qe5 41. Qh7# 1-0


[Site "https://www.chess.com"]

[Event "Titled Tuesday Blitz October 31 Early 2023"]
[White "Guevara Sanchez, Erick Marvin"]
[Black "Bochnicka, Vladimir"]
[WhiteFideId "6700136"]
[BlackFideId "14943450"]
[WhiteElo "2132"]
[BlackElo "2414"]
[Result "0-1"]
[Round "4"]
[TimeControl "180+1"]
[Date "2023.10.31"]
[WhiteClock "0:00:06"]
[BlackClock "0:00:13"]
[Board "155"]

1. e4 e5 2. Nf3 Nc6 3. Bc4 Nf6 4. d3 h6 5. Nbd2 d6 6. Nf1 g5 7. Ng3 Bg7 8. O-O O-O 9. c3 Ne7 10. Re1 c6 11. Bb3 Ng6 12. d4 Re8 13. dxe5 dxe5 14. Qxd8 Rxd8 15. Be3 Bg4 16. Rad1 Rxd1 17. Bxd1 Rd8 18. Be2 Nf4 19. Bxf4 exf4 20. Nf5 Nxe4 21. Nxg7 Kxg7 22. h3 Bxf3 23. Bxf3 Nc5 24. b4 Ne6 25. Bg4 Kf6 26. Kf1 Rd3 27. Rc1 Rd2 28. a4 Nc7 29. Ke1 Ra2 30. Bd1 Nd5 31. Bb3 Rb2 32. Bxd5 cxd5 33. a5 Ke5 34. Rd1 Rc2 35. Rd3 f5 36. Kf1 h5 37. Ke1 g4 38. h4 Rc1+ 39. Ke2 Rh1 40. g3 f3+ 41. Kd2 Rh2 42. Ke3 Rh1 43. Rd2 Rc1 44. Kd3 Re1 45. Ra2 f4 46. gxf4+ Kxf4 47. Kd4 Rd1+ 48. Kc5 g3 49. fxg3+ Kxg3 50. Kd6 f2 51. Rxf2 Kxf2 52. Kc7 b6 53. axb6 axb6 54. Kxb6 d4 55. c4 d3 56. c5 d2 57. c6 Rc1 58. c7 d1=Q 59. b5 Qd6+ 60. Ka5 Ra1# 0-1


[Site "https://www.chess.com"]

[Event "Titled Tuesday Blitz October 31 Early 2023"]
[White "Samarth J Rao"]
[Black "Spichkin, Alexander"]
[WhiteFideId "46652370"]
[BlackFideId "4144074"]
[WhiteElo "2098"]
[BlackElo "2411"]
[Result "1-0"]
[Round "4"]
[TimeControl "180+1"]
[Date "2023.10.31"]
[WhiteClock "0:00:40"]
[BlackClock "0:01:02"]
[Board "156"]

1. e4 e5 2. Nf3 d5 3. d3 dxe4 4. dxe4 Qxd1+ 5. Kxd1 Nc6 6. c3 Bg4 7. Kc2 f5 8. Nbd2 O-O-O 9. Bb5 Nge7 10. Ng5 Bh5 11. exf5 Nxf5 12. g4 Bxg4 13. Bxc6 bxc6 14. Nf7 Bc5 15. Ne4 Bf3 16. Nxc5 Bxh1 17. Nxd8 Rxd8 18. Bg5 Rd5 19. b4 Bf3 20. Rg1 h6 21. Bd2 g5 22. a4 a5 23. Be3 Bh5 24. c4 Rd8 25. bxa5 Bg6 26. Kc3 Kb8 27. Rb1+ Ka8 28. Rb7 Rc8 29. a6 Nd6 30. f3 Bf7 31. Rb4 Nf5 32. Bf2 Bh5 33. Nd7 Bxf3 34. Rb7 e4 35. Ra7# 1-0


[Site "https://www.chess.com"]

[Event "Titled Tuesday Blitz October 31 Early 2023"]
[White "Srebrnic, Marko"]
[Black "Sailer, Mike"]
[WhiteFideId "14603616"]
[BlackFideId "2012901"]
[WhiteElo "2408"]
[BlackElo "2051"]
[Result "1-0"]
[Round "4"]
[TimeControl "180+1"]
[Date "2023.10.31"]
[WhiteClock "0:00:16"]
[BlackClock "0:00:00"]
[Board "157"]

1. e4 g6 2. d4 Bg7 3. Nc3 c5 4. Be3 Qa5 5. Ne2 d6 6. dxc5 dxc5 7. Qd2 Nf6 8. f3 O-O 9. O-O-O Nc6 10. Kb1 Be6 11. Nd5 Qxd2 12. Rxd2 Rfd8 13. Nef4 Bxd5 14. Nxd5 b6 15. Bb5 Nxd5 16. exd5 Ne5 17. Rhd1 a6 18. Be2 c4 19. Bxb6 Rdb8 20. Bd4 Rc8 21. c3 a5 22. f4 Nd7 23. Bg4 f5 24. Bf3 Rab8 25. Re1 Bxd4 26. Rxd4 Kf7 27. Re2 Rb6 28. g4 fxg4 29. Bxg4 Rc7 30. Be6+ Kf6 31. Bg4 a4 32. a3 Rcb7 33. Bxd7 Rxd7 34. Re5 Rdb7 35. Rd2 Rb3 36. Kc1 R3b5 37. Kd1 Rd7 38. Ke2 Rd6 39. Ke3 h6 40. Ke4 g5 41. Kd4 gxf4 42. Re6+ Kf7 43. Rxd6 exd6 44. Kxc4 Rb8 45. Rf2 Kf6 46. Rxf4+ Ke5 47. Rh4 Rxb2 48. Rxh6 Rb3 49. Re6+ Kf5 50. Rxd6 Rxa3 51. h4 Ra1 52. h5 Rh1 53. Ra6 Rxh5 54. Rxa4 Rh4+ 55. Kb5 Rh3 56. c4 Ke5 57. Kc5 Rh1 58. Ra6 Rb1 59. Re6+ Kf5 60. Re2 Rc1 61. d6 1-0


[Site "https://www.chess.com"]

[Event "Titled Tuesday Blitz October 31 Early 2023"]
[White "Mirza, Diana"]
[Black "Kukreja Sankalp"]
[WhiteFideId "2503999"]
[BlackFideId "45027676"]
[WhiteElo "1955"]
[BlackElo "2401"]
[Result "0-1"]
[Round "4"]
[TimeControl "180+1"]
[Date "2023.10.31"]
[WhiteClock "0:00:01"]
[BlackClock "0:00:16"]
[Board "158"]

1. d4 d5 2. Nf3 Nf6 3. e3 Bf5 4. Bd3 Bxd3 5. Qxd3 c6 6. O-O e6 7. c3 Bd6 8. Nbd2 O-O 9. e4 dxe4 10. Nxe4 Nxe4 11. Qxe4 Nd7 12. Qg4 e5 13. Bh6 Qf6 14. Bg5 Qg6 15. Nh4 Qe6 16. Nf5 Rfe8 17. Bh6 g6 18. Ne3 f5 19. Qh3 e4 20. c4 Nf6 21. Rad1 f4 22. Qxe6+ Rxe6 23. d5 Re7 24. Nc2 cxd5 25. Bg5 Kg7 26. cxd5 h6 27. Bxf6+ Kxf6 28. Rfe1 Re5 29. a3 Rd8 30. h4 Bc5 31. Nb4 Kf5 32. Kf1 Bxb4 33. axb4 Rexd5 34. f3 Rxd1 35. Rxd1 Rxd1+ 0-1


[Site "https://www.chess.com"]

[Event "Titled Tuesday Blitz October 31 Early 2023"]
[White "IsaqueGoncalvesSanto"]
[Black "Hoffmann, Asa"]
[BlackFideId "2001470"]
[WhiteElo "1803"]
[BlackElo "2398"]
[Result "0-1"]
[Round "4"]
[TimeControl "180+1"]
[Date "2023.10.31"]
[WhiteClock "0:01:19"]
[BlackClock "0:02:25"]
[Board "159"]

1. d4 Nf6 2. c4 c5 3. d5 e5 4. Nc3 d6 5. e4 Be7 6. f3 Nbd7 7. Be3 Nf8 8. Qd2 Ng6 9. h4 Nh5 10. g4 Bxh4+ 11. Rxh4 Qxh4+ 12. Bf2 Ng3 13. Nge2 Nxf1 14. Bxh4 Nxd2 15. Kxd2 Nxh4 16. Ke3 Ng6 17. Ng3 a6 18. Nf5 Bxf5 19. gxf5 Nf4 0-1


[Site "https://www.chess.com"]

[Event "Titled Tuesday Blitz October 31 Early 2023"]
[White "Xie, Bryan"]
[Black "Skiadopoulos, Nikolaos"]
[WhiteFideId "30941296"]
[BlackFideId "4200772"]
[WhiteElo "2398"]
[BlackElo "1796"]
[Result "1-0"]
[Round "4"]
[TimeControl "180+1"]
[Date "2023.10.31"]
[WhiteClock "0:00:49"]
[BlackClock "0:00:00"]
[Board "160"]

1. e4 c5 2. Nf3 Nc6 3. d4 cxd4 4. Nxd4 e5 5. Nb5 d6 6. N1c3 a6 7. Na3 b5 8. Nd5 Nce7 9. Be3 Nxd5 10. Qxd5 Be6 11. Qd2 Nf6 12. f3 d5 13. exd5 Qxd5 14. Bd3 Bxa3 15. bxa3 O-O 16. O-O e4 17. fxe4 Nxe4 18. Qe2 f5 19. Qf3 Rad8 20. Rae1 Qxa2 21. Bxe4 fxe4 22. Qxe4 Qd5 23. Qb4 Rxf1+ 24. Rxf1 h6 25. Qe7 Qd6 26. Rf8+ Rxf8 27. Qxd6 Bc4 28. h4 1-0


[Site "https://www.chess.com"]

[Event "Titled Tuesday Blitz October 31 Early 2023"]
[White "Fominykh, Maria"]
[Black "Panda Sambit"]
[WhiteFideId "4142411"]
[BlackFideId "25091794"]
[WhiteElo "2268"]
[BlackElo "2485"]
[Result "0-1"]
[Round "4"]
[TimeControl "180+1"]
[Date "2023.10.31"]
[WhiteClock "0:00:00"]
[BlackClock "0:00:50"]
[Board "161"]

1. d4 d5 2. c4 e6 3. Nc3 a6 4. cxd5 exd5 5. Bf4 Nf6 6. e3 c5 7. Nf3 c4 8. Be2 b5 9. O-O Bb7 10. Ne5 Nbd7 11. Bf3 Nb6 12. Re1 Be7 13. e4 dxe4 14. Nxe4 Nxe4 15. Bxe4 Bxe4 16. Rxe4 Qd5 17. Qe2 O-O 18. Nxc4 Nxc4 19. Rxe7 Qxd4 20. Be5 Nxe5 21. Rxe5 Qb4 22. a3 Qb3 23. Rc1 Rad8 24. h3 Rd6 25. Re8 Rd8 26. Re7 h6 27. Kh2 Qd5 28. Rcc7 Qd6+ 29. g3 Qf6 30. Kg2 g6 31. b4 h5 32. Qe3 h4 33. g4 Kg7 34. Ra7 Qc6+ 35. Qe4 Qxe4+ 36. Rxe4 Rd6 37. Kf3 Rf6+ 38. Ke3 Rc8 39. Rd4 Rc3+ 0-1


[Site "https://www.chess.com"]

[Event "Titled Tuesday Blitz October 31 Early 2023"]
[White "Avalos Parra, Joao"]
[Black "Zaichenko, Daria"]
[WhiteFideId "3402541"]
[BlackFideId "4197453"]
[WhiteElo "2340"]
[BlackElo "2256"]
[Result "1-0"]
[Round "4"]
[TimeControl "180+1"]
[Date "2023.10.31"]
[WhiteClock "0:02:51"]
[BlackClock "0:01:46"]
[Board "162"]

1. d4 d5 2. c4 e6 3. Nf3 Nf6 4. Nc3 Be7 5. Bf4 O-O 6. e3 Ne4 7. Bd3 f5 8. O-O c6 9. h3 Nd7 10. Ne5 Nxe5 11. Bxe5 Bd6 12. Bxd6 Qxd6 13. Bxe4 fxe4 14. c5 Qc7 15. f4 exf3 16. Rxf3 Rxf3 17. Qxf3 Bd7 18. Rf1 h6 19. Qf7+ Kh8 20. e4 Be8 21. Qxc7 1-0


[Site "https://www.chess.com"]

[Event "Titled Tuesday Blitz October 31 Early 2023"]
[White "Buscar, Michael"]
[Black "Kuchava, Ana"]
[WhiteFideId "2603616"]
[BlackFideId "13605348"]
[WhiteElo "2332"]
[BlackElo "2237"]
[Result "1-0"]
[Round "4"]
[TimeControl "180+1"]
[Date "2023.10.31"]
[WhiteClock "0:00:15"]
[BlackClock "0:00:02"]
[Board "163"]

1. e4 c5 2. Nf3 d6 3. Bb5+ Bd7 4. a4 a6 5. Bd3 Nc6 6. c3 Nf6 7. O-O g6 8. Re1 Bg7 9. Na3 O-O 10. Nc4 Qc7 11. a5 e6 12. Nb6 Rad8 13. Nxd7 Nxd7 14. Qa4 d5 15. exd5 exd5 16. Bf1 Rfe8 17. Rxe8+ Rxe8 18. d3 Nde5 19. Nxe5 Qxe5 20. Bf4 Qf5 21. g3 d4 22. Bg2 dxc3 23. bxc3 Qxd3 24. Bxc6 bxc6 25. Qxc6 Rd8 26. Qxc5 Qxc3 27. Qxc3 Bxc3 28. Ra3 Bb4 29. Ra4 Bc3 30. Kg2 Rd5 31. Rc4 Bxa5 32. Rc6 Bc3 33. Rxc3 Kg7 34. Rc6 a5 35. Ra6 Rb5 36. Bc7 h5 37. Rxa5 Rb7 38. Be5+ Kh7 39. Ra8 Rd7 40. Rh8# 1-0


[Site "https://www.chess.com"]

[Event "Titled Tuesday Blitz October 31 Early 2023"]
[White "Matthes, Aaron"]
[Black "Joshi, Pankaj"]
[WhiteFideId "16227310"]
[BlackFideId "5006210"]
[WhiteElo "2308"]
[BlackElo "2181"]
[Result "1/2-1/2"]
[Round "4"]
[TimeControl "180+1"]
[Date "2023.10.31"]
[WhiteClock "0:00:14"]
[BlackClock "0:00:09"]
[Board "164"]

1. Nf3 g6 2. e3 Bg7 3. c4 e5 4. Nc3 d6 5. b3 e4 6. Ng1 f5 7. Bb2 Nc6 8. d4 exd3 9. Bxd3 Nge7 10. Nf3 O-O 11. O-O b6 12. Qe2 Bb7 13. Nb5 Ne5 14. Nxe5 dxe5 15. Rfd1 Qc8 16. c5 a6 17. Na3 b5 18. b4 Qe6 19. Bc2 Kh8 20. Bb3 Qc6 21. f3 a5 22. Qxb5 axb4 23. Qxc6 Bxc6 24. Nc4 e4 25. Bxg7+ Kxg7 26. Ne5 Rad8 27. f4 Bd5 28. Rab1 Bxb3 29. axb3 Rd5 30. Rbc1 Rfd8 31. Rxd5 Rxd5 32. Rc2 g5 33. g3 g4 34. Kf2 Kf6 35. Ke2 Ke6 36. Rc4 Ng6 37. Nxg6 hxg6 38. c6 Kd6 39. Rxb4 Kxc6 40. Rb8 Rd6 41. Rg8 Kc5 42. Rb8 c6 43. Rb7 Rd3 44. Rb8 Rd6 45. b4+ Kc4 46. Rb7 Kc3 47. Rb8 Kc4 48. Rb7 Kc3 49. b5 cxb5 50. Rxb5 Rd2+ 51. Ke1 Rxh2 52. Rb6 Kd3 53. Rb3+ Kc4 54. Rb6 Rg2 55. Rxg6 Rxg3 56. Kf2 Rf3+ 57. Ke2 Rh3 58. Rc6+ Kd5 59. Rf6 Rh2+ 60. Kf1 Kc4 61. Rd6 g3 62. Kg1 Re2 63. Rf6 Rxe3 64. Rxf5 Rf3 65. Kg2 Kd3 66. Rd5+ Ke2 67. f5 e3 68. Ra5 Rf2+ 69. Kxg3 Ke1 70. Ra1+ Ke2 71. Ra2+ Kf1 72. Ra1+ Ke2 73. Kg4 Kd2 74. Ra2+ Ke1 75. Ra1+ Kd2 76. Kg5 e2 77. Kg6 Rf1 78. Ra2+ Ke3 79. Ra3+ Kf2 80. Ra2 Kf3 81. Ra3+ Ke4 82. Ra4+ Kd3 83. Ra3+ Kd4 84. Ra4+ Kc3 85. Re4 e1=Q 86. Rxe1 Rxe1 87. f6 Rf1 88. f7 Rxf7 89. Kxf7 1/2-1/2


[Site "https://www.chess.com"]

[Event "Titled Tuesday Blitz October 31 Early 2023"]
[White "Castillo Pena, Patricia Evarista"]
[Black "Wu, Derek"]
[WhiteFideId "6412106"]
[BlackFideId "30914558"]
[WhiteElo "2058"]
[BlackElo "2670"]
[Result "0-1"]
[Round "4"]
[TimeControl "180+1"]
[Date "2023.10.31"]
[WhiteClock "0:01:22"]
[BlackClock "0:02:07"]
[Board "166"]

1. d4 g6 2. Nf3 Bg7 3. e4 d6 4. Nc3 a6 5. Be3 b5 6. a3 Nd7 7. Be2 Bb7 8. Qd2 Ngf6 9. Bd3 e6 10. O-O Qe7 11. h3 c5 12. e5 dxe5 13. dxe5 Nd5 14. Nxd5 Bxd5 15. Be2 Nxe5 16. Nxe5 Bxe5 17. Bg5 Qb7 18. f3 Bxb2 19. Rab1 Bd4+ 20. Kh2 O-O 21. Bh6 Rfd8 22. Qg5 Qc7+ 23. Kh1 Qe5 24. Qg4 Qxe2 0-1


[Site "https://www.chess.com"]

[Event "Titled Tuesday Blitz October 31 Early 2023"]
[White "Bulmaga, Irina"]
[Black "Quirke, Jeffrey"]
[WhiteFideId "13903063"]
[BlackFideId "2013029"]
[WhiteElo "2579"]
[BlackElo "2215"]
[Result "1-0"]
[Round "4"]
[TimeControl "180+1"]
[Date "2023.10.31"]
[WhiteClock "0:01:49"]
[BlackClock "0:00:15"]
[Board "167"]

1. e4 e6 2. d3 d5 3. Qe2 Be7 4. Nf3 Nf6 5. e5 Nfd7 6. g3 b6 7. Bg2 Bb7 8. O-O c5 9. c3 Nc6 10. d4 Qc7 11. h4 h6 12. Bf4 O-O-O 13. Na3 Rdg8 14. Qd2 a6 15. Rac1 c4 16. Nc2 Qd8 17. h5 g5 18. hxg6 Rxg6 19. b3 b5 20. bxc4 bxc4 21. Rb1 h5 22. Ne3 h4 23. Qb2 Na5 24. Nh2 hxg3 25. fxg3 Rh7 26. Nxc4 1-0


[Site "https://www.chess.com"]

[Event "Titled Tuesday Blitz October 31 Early 2023"]
[White "Ezat, Mohamed"]
[Black "campochess"]
[WhiteFideId "10600906"]
[WhiteElo "2575"]
[BlackElo "2184"]
[Result "1-0"]
[Round "4"]
[TimeControl "180+1"]
[Date "2023.10.31"]
[WhiteClock "0:00:16"]
[BlackClock "0:00:38"]
[Board "168"]

1. e4 c5 2. d4 cxd4 3. c3 Nf6 4. e5 Nd5 5. Nf3 d6 6. Bc4 e6 7. cxd4 Nb6 8. Bd3 Be7 9. O-O Nc6 10. Nc3 a6 11. Qe2 Nb4 12. Bb1 N6d5 13. Ne4 dxe5 14. dxe5 Nc6 15. Rd1 O-O 16. a3 Bd7 17. Qd3 g6 18. Bh6 Re8 19. Qd2 Rc8 20. Ba2 Na5 21. Bg5 Bb5 22. Bxe7 Qxe7 23. Qh6 f5 24. exf6 Nxf6 25. Nfg5 Rc7 26. Bxe6+ Kh8 27. Nf7+ Qxf7 28. Bxf7 Rxf7 29. Nxf6 Rxf6 30. Re1 Ref8 31. Re7 R6f7 32. Rxf7 Rxf7 33. Rd1 Nc6 34. f3 Re7 35. Qf8# 1-0


[Site "https://www.chess.com"]

[Event "Titled Tuesday Blitz October 31 Early 2023"]
[White "Pinales Roussel, Gabriel"]
[Black "Kiremitciyan, Ari"]
[WhiteFideId "3101762"]
[BlackFideId "6373445"]
[WhiteElo "2182"]
[BlackElo "2552"]
[Result "0-1"]
[Round "4"]
[TimeControl "180+1"]
[Date "2023.10.31"]
[WhiteClock "0:00:11"]
[BlackClock "0:00:41"]
[Board "169"]

1. d4 g6 2. e4 Bg7 3. Nc3 d6 4. h3 Nd7 5. Nf3 e5 6. Be2 Ngf6 7. O-O c6 8. Be3 O-O 9. Qd2 Qe7 10. dxe5 dxe5 11. Bh6 Nc5 12. Bxg7 Kxg7 13. Qe3 Nh5 14. Nxe5 Qxe5 15. f4 Qe7 16. Bxh5 gxh5 17. f5 Kh8 18. f6 Qe5 19. Rf4 Ne6 20. Rf5 Qd4 21. Qxd4 Nxd4 22. Rxh5 Be6 23. Rf1 Rg8 24. Rf4 Rg6 25. Rfh4 h6 26. Rxh6+ Rxh6 27. Rxh6+ Kg8 28. e5 Bf5 29. Rh4 Nxc2 30. Rf4 Bg6 31. e6 fxe6 32. g4 Kf7 33. h4 e5 34. Rf2 Nd4 35. h5 Bh7 36. g5 Rg8 37. g6+ Bxg6 38. hxg6+ Rxg6+ 39. Kh2 Rxf6 40. Rg2 Rf4 41. Kg3 Nf5+ 42. Kh3 Rh4# 0-1


[Site "https://www.chess.com"]

[Event "Titled Tuesday Blitz October 31 Early 2023"]
[White "Czerw, Dawid"]
[Black "Mirzanurov, Bulat"]
[WhiteFideId "1145746"]
[BlackFideId "4184521"]
[WhiteElo "2513"]
[BlackElo "2178"]
[Result "1-0"]
[Round "4"]
[TimeControl "180+1"]
[Date "2023.10.31"]
[WhiteClock "0:01:22"]
[BlackClock "0:00:10"]
[Board "170"]

1. e4 c5 2. Nf3 d6 3. d4 cxd4 4. Nxd4 Nf6 5. Nc3 a6 6. h4 e6 7. h5 h6 8. Be3 b5 9. f3 Bb7 10. Qd2 Nbd7 11. O-O-O Nb6 12. g4 Be7 13. g5 hxg5 14. Bxg5 b4 15. Nb1 d5 16. e5 Nxh5 17. Bxe7 Qxe7 18. Bd3 g6 19. a3 bxa3 20. Nxa3 Qc5 21. Nxe6 fxe6 22. Bxg6+ Kd7 23. Rxh5 Rxh5 24. Bxh5 Nc4 25. Nxc4 Qxc4 26. Qg5 Rc8 27. Qg7+ Kd8 28. Qf8+ 1-0


[Site "https://www.chess.com"]

[Event "Titled Tuesday Blitz October 31 Early 2023"]
[White "Horcajuelo Rocamora, Martin"]
[Black "Floresvillar Gonzalez, Luis Migu"]
[WhiteFideId "24573027"]
[BlackFideId "5100542"]
[WhiteElo "2471"]
[BlackElo "2174"]
[Result "1-0"]
[Round "4"]
[TimeControl "180+1"]
[Date "2023.10.31"]
[WhiteClock "0:02:16"]
[BlackClock "0:01:23"]
[Board "171"]

1. g3 d5 2. Bg2 c6 3. Nf3 Bg4 4. O-O h5 5. h4 Nd7 6. c4 e6 7. d4 Ngf6 8. Bg5 Be7 9. Nbd2 Bxf3 10. Bxf3 Ng4 11. Bxe7 Qxe7 12. e4 dxe4 13. Nxe4 Ndf6 14. Ng5 O-O-O 15. Re1 Rd7 16. d5 cxd5 17. cxd5 Rhd8 18. Qc2+ Rc7 19. Qa4 Kb8 20. dxe6 fxe6 21. Nxe6 Re8 22. Nxc7 Qxe1+ 23. Rxe1 Rxe1+ 24. Kg2 Kxc7 25. Qa5+ 1-0


[Site "https://www.chess.com"]

[Event "Titled Tuesday Blitz October 31 Early 2023"]
[White "Ferrufino, Boris"]
[Black "Shuvalov, Evgenij"]
[WhiteFideId "3300170"]
[BlackFideId "4187237"]
[WhiteElo "2169"]
[BlackElo "2457"]
[Result "0-1"]
[Round "4"]
[TimeControl "180+1"]
[Date "2023.10.31"]
[WhiteClock "0:00:41"]
[BlackClock "0:00:30"]
[Board "172"]

1. e4 e6 2. d4 d5 3. Nd2 c5 4. exd5 exd5 5. Ngf3 Nc6 6. Bb5 Qe7+ 7. Be2 Qc7 8. O-O Nf6 9. c4 cxd4 10. cxd5 Nxd5 11. Nb3 Be7 12. Bd2 O-O 13. Rc1 Qb6 14. Bc4 Be6 15. Ng5 Bxg5 16. Bxg5 h6 17. Bd2 Rad8 18. Qf3 Rfe8 19. Qg3 Kf8 20. Qh4 Kg8 21. Qg3 Kh7 22. Bd3+ Kh8 23. Qh4 Kg8 24. Bxh6 gxh6 25. Qxh6 f5 26. Nc5 Bc8 27. Qg6+ Kf8 28. Bxf5 Qc7 29. Ne6+ Bxe6 30. Bxe6 Qg7 31. Qf5+ Nf6 32. Qc5+ Qe7 33. Qg5 Qxe6 34. Qh6+ Kg8 35. Rc5 Rd5 36. Qg6+ Kf8 37. Qh6+ Ke7 38. Rc2 Rg8 39. Rcc1 Re5 40. Qd2 Qd5 41. b4 Qxg2# 0-1


[Site "https://www.chess.com"]

[Event "Titled Tuesday Blitz October 31 Early 2023"]
[White "vaniavindy"]
[Black "Shishkov, Andrei"]
[BlackFideId "4500563"]
[WhiteElo "2157"]
[BlackElo "2441"]
[Result "1-0"]
[Round "4"]
[TimeControl "180+1"]
[Date "2023.10.31"]
[WhiteClock "0:00:13"]
[BlackClock "0:00:00"]
[Board "173"]

1. d4 Nf6 2. c4 e6 3. a3 d5 4. Nc3 Be7 5. cxd5 exd5 6. Nf3 c6 7. Bf4 Bf5 8. e3 Nbd7 9. Bd3 Bxd3 10. Qxd3 O-O 11. O-O Re8 12. b4 Nh5 13. Bg3 Nxg3 14. hxg3 b5 15. Rac1 Nb6 16. Ne5 Rc8 17. e4 Bf6 18. exd5 Nxd5 19. Nxd5 Qxd5 20. Nf3 Red8 21. Rfd1 Be7 22. Rd2 h6 23. Re1 Bd6 24. Ne5 Bxe5 25. Rxe5 Qxe5 26. dxe5 Rxd3 27. Rxd3 Kf8 28. Rd7 a5 29. f4 axb4 30. axb4 c5 31. bxc5 Rxc5 32. Rb7 h5 33. Kh2 g6 34. g4 hxg4 35. Kg3 g5 36. Kxg4 gxf4 37. Kxf4 Ke8 38. Kf5 Rc2 39. Rxb5 Rf2+ 40. Ke4 Rxg2 41. Rb7 Ra2 42. Kd5 Rd2+ 43. Ke4 Kf8 44. Kf5 Rf2+ 45. Kg5 Re2 46. Kf6 Rf2+ 47. Kg5 Re2 48. Kf4 Kg7 49. Re7 Re1 50. Rb7 Kg6 51. Rb6+ Kg7 52. Rb3 Rf1+ 53. Ke4 Kg6 54. Rg3+ Kh7 55. Kd5 1-0


[Site "https://www.chess.com"]

[Event "Titled Tuesday Blitz October 31 Early 2023"]
[White "Fernandez Hernandez, Gerardo"]
[Black "Novikova, Galina"]
[WhiteFideId "2207400"]
[BlackFideId "4157095"]
[WhiteElo "2152"]
[BlackElo "2422"]
[Result "0-1"]
[Round "4"]
[TimeControl "180+1"]
[Date "2023.10.31"]
[WhiteClock "0:00:28"]
[BlackClock "0:02:24"]
[Board "174"]

1. e4 e5 2. Nf3 Nc6 3. d4 exd4 4. Bc4 Bc5 5. c3 d3 6. O-O d6 7. b4 Bb6 8. a4 a5 9. b5 Ne5 10. Nxe5 dxe5 11. Qb3 Qe7 12. Ba3 Qf6 13. Nd2 Ne7 14. Bxd3 O-O 15. Nc4 Be6 16. Qc2 Bxc4 17. Bxc4 Rfe8 18. Rad1 Rad8 19. Qa2 Ng6 20. Bd5 c6 21. bxc6 bxc6 22. Bc4 Nf4 23. g3 Nh3+ 24. Kg2 Ng5 25. Rxd8 Qf3+ 26. Kg1 Nh3# 0-1


[Site "https://www.chess.com"]

[Event "Titled Tuesday Blitz October 31 Early 2023"]
[White "Feliz Dotel, Dewar Bienvenido"]
[Black "Tsyhanchuk, Stanislav"]
[WhiteFideId "6402801"]
[BlackFideId "13505130"]
[WhiteElo "2130"]
[BlackElo "2409"]
[Result "0-1"]
[Round "4"]
[TimeControl "180+1"]
[Date "2023.10.31"]
[WhiteClock "0:00:00"]
[BlackClock "0:00:02"]
[Board "175"]

1. d4 d5 2. e3 Nf6 3. Nf3 c5 4. dxc5 Nc6 5. a3 a5 6. c4 e6 7. Nc3 Bxc5 8. cxd5 exd5 9. Bb5 O-O 10. O-O Bg4 11. h3 Bh5 12. b3 Qd6 13. Be2 Rfd8 14. Bb2 Rac8 15. Nb5 Qe7 16. Rc1 Ne4 17. Rc2 Bg6 18. Bd3 h6 19. Qa1 f6 20. Rfc1 Bb6 21. Bf1 Bh5 22. Nfd4 Qd7 23. Nxc6 bxc6 24. Nd4 c5 25. Bb5 Qb7 26. Ne6 Rd6 27. Nf4 Bf7 28. Bd3 Re8 29. Rd1 Qe7 30. Bxe4 Qxe4 31. Rcd2 d4 32. b4 axb4 33. axb4 dxe3 34. Rxd6 exf2+ 35. Kxf2 Qxf4+ 36. Kg1 Bc7 37. bxc5 Re2 38. Qa8+ Kh7 39. Bc1 Qg3 40. Qf3 Re1+ 41. Rxe1 Qxe1+ 42. Kh2 Bxd6+ 43. cxd6 Qxc1 44. Qd3+ Bg6 45. Qd4 Qc8 46. d7 Qd8 47. Qd5 h5 48. Qe6 Kh8 49. Qc6 Bf5 50. Qd5 Qxd7 0-1


[Site "https://www.chess.com"]

[Event "Titled Tuesday Blitz October 31 Early 2023"]
[White "Kahlert, Thomas"]
[Black "dontcatchmeifyoucant"]
[WhiteFideId "4625242"]
[WhiteElo "2382"]
[BlackElo "2109"]
[Result "1-0"]
[Round "4"]
[TimeControl "180+1"]
[Date "2023.10.31"]
[WhiteClock "0:00:40"]
[BlackClock "0:00:00"]
[Board "177"]

1. c4 e5 2. Nc3 Nf6 3. Nf3 Nc6 4. g3 d5 5. cxd5 Nxd5 6. Bg2 Nb6 7. O-O Be7 8. b3 O-O 9. Bb2 Re8 10. Rc1 Bf8 11. d3 Nd4 12. Ne4 Bg4 13. Nxd4 exd4 14. h3 Bh5 15. g4 Bg6 16. Qc2 c6 17. Rfe1 a5 18. Nc5 Ra7 19. Qd2 Be7 20. Qf4 Bg5 21. Qxd4 Qxd4 22. Bxd4 Bxc1 23. Rxc1 Rxe2 24. Na4 Nxa4 25. Bxa7 Nb2 26. Bf1 Re8 27. d4 Nd3 28. Bxd3 Bxd3 29. Rd1 Ba6 30. d5 cxd5 31. Rxd5 f6 32. Rxa5 Kf7 33. Be3 Rd8 34. Rc5 Rd1+ 35. Kh2 Bd3 36. Rc7+ Ke6 37. Rxb7 Be4 38. Rb6+ Kd5 39. Kg3 Rg1+ 40. Kh4 g5+ 41. Kh5 Rh1 42. Rxf6 Rxh3+ 43. Kxg5 Rf3 44. Rxf3 Bxf3 45. Kf4 Be4 46. a3 Bc2 47. b4 Ba4 48. Kg5 Ke6 49. Bc5 Kf7 50. f4 Kg7 51. f5 Kf7 52. Kf4 1-0


[Site "https://www.chess.com"]